 Dungeon Crawl Stone Soup version 0.29-a0-416-g83a48905f1 (webtiles) character file.

Game seed: 76464456781301270

543 Lekart the Skirmisher (level 7, -2/56 HPs)
             Began as a Purple Draconian Chaos Knight on May 14, 2022.
             Was a Plaything of Xom.
             Succumbed to a scorpion's poison
             ... on level 4 of the Dungeon on May 16, 2022.
             The game lasted 00:06:34 (6038 turns).

Lekart the Skirmisher (DrCK)                        Turns: 6038, Time: 00:06:34

Health: -2/56      AC:  6    Str: 14    XL:     7   Next: 6%
Magic:  7/7        EV: 13    Int: 13    God:    Xom [....*.]
Gold:   255        SH:  0    Dex: 12    Spells: 6/6 levels left

rFire   . . .      SeeInvis .   a - +0 falchion (chaos)
rCold   . . .      Faith    .   (no shield)
rNeg    . . .      Spirit   .   (body armour unavailable)
rPois   .          Reflect  .   (helmet restricted)
rElec   .          Harm     .   (no cloak)
rCorr   .          Rampage  .   (no gloves)
Will    +....                   (no boots)
Stlth   +.........              (no amulet)
HPRegen 0.18/turn               (no ring)
MPRegen 0.10/turn               (no ring)

@: lethally poisoned (-2 -> -11)
A: breathe power, AC +6, unfitting armour, cold-blooded, stinger 1, frail 1,
screaming 1
a: Breathe Dispelling Energy, Renounce Religion


You were on level 4 of the Dungeon.
You worshipped Xom.
You were a beloved toy of Xom.
You visited 1 branch of the dungeon, and saw 5 of its levels.

You collected 255 gold pieces.

Inventory:

Hand Weapons
 a - a +0 falchion of chaos (weapon)
Jewellery
 k - a ring of flight
 s - an amulet of regeneration
Wands
 g - a wand of flame (18)
 n - a wand of iceblast (10)
Scrolls
 j - a scroll of magic mapping
 l - 2 scrolls of vulnerability
 m - a scroll of enchant weapon
Potions
 e - a potion of brilliance
 f - a potion of degeneration
 h - a potion of lignification
 q - a potion of flight
Miscellaneous
 b - a piece from Xom's chessboard (14/15) (quivered)


   Skills:
 * Level 6.1 Fighting
 + Level 4.4 Long Blades
 + Level 3.6 Dodging
 + Level 3.4 Evocations


You had 6 spell levels left.
You didn't know any spells.
Your spell library was empty.

Dungeon Overview and Level Annotations

Branches:
Dungeon (5/15)             Temple (0/1) D:4

Altars:
Xom
Beogh

Annotations:
D:3 3 runed translucent doors, supermoro's ghost, amateur GrFi
D:4 exclusion: downstairs
D:5 Edmund


Innate Abilities, Weirdness & Mutations

You can breathe bolts of dispelling energy.
Your rich purple scales are hard. (AC +6)
You cannot fit into any form of body armour.
You are cold-blooded and may be slowed by cold attacks.
Your tail ends in a venomous barb.
You are frail. (-10% HP)
You occasionally shout uncontrollably at your foes.


Message History

Something stings you but does no damage.
You barely miss something.
You feel very sick. Something stings you.
* * * LOW HITPOINT WARNING * * *
You closely miss something.
You feel sick.
Something stings you but does no damage.
You barely miss something.
Your tail-slap misses something.
You feel sick.
Something stings you but does no damage.
You feel much better.
You feel sick. Something stings you.
Something stings you but does no damage.
You completely miss something.
Your tail-slap misses something.
You feel sick. Something stings you.
You hit something but do no damage.
You feel sick.
Something stings you but does no damage.
You closely miss something.
You feel sick.
You are no longer poisoned.
Something stings you.
* * * LOW HITPOINT WARNING * * *
Something stings you but does no damage.
You miss something.
Something stings you but does no damage.
You miss something. Something stings you.
* * * LOW HITPOINT WARNING * * *
You miss something. Something stings you.
* * * LOW HITPOINT WARNING * * *
You miss something.
Your tail-slap misses something.
Something stings you.
* * * LOW HITPOINT WARNING * * *
Something stings you.
* * * LOW HITPOINT WARNING * * *
You are lethally poisoned!
Something poisons you!
You closely miss something.
* * * LOW HITPOINT WARNING * * *
You feel very sick. Something stings you.
* * * LOW HITPOINT WARNING * * *
You barely miss something.
You die...
Xom giggles madly!

..(.#..#######...# #..# #........
........# ##...<[#########.##....
###.....###...#............##.#..
#......>...##.###########......
#......###..#.## #..# #........
#....#####..#..# #..# ###......
#..............# #..# ###.....#
#....###..#.)..# #..# #......##
#......#.#..#.@# #..# #.##..##.
###.............{###..###........
............#.##.†...............
#####....##.#.##.>........##.....
# #..#.##.############.####.##. #
#.#..##...........##.# #..##
#####...##############)..# ##..#
#.....#.................## ##..
#####...################# ##.


There were no monsters in sight!

Vanquished Creatures
  2 phantoms (D:4)
  A necrophage (D:4)
  2 hounds (D:3)
  An iguana (D:4)
  11 adders
  3 gnolls (D:2)
  A river rat (D:3)
  An ufetubus (D:4)
  4 worms
  4 dart slugs
  11 orcs
  6 ball pythons
  3 endoplasms (D:1)
  3 giant cockroaches (D:1)
  3 hobgoblins (D:1)
  2 jackals (D:3)
  6 kobolds
  A quokka (D:4)
  7 bats
  2 frilled lizards (D:1)
  8 goblins
  9 rats
91 creatures vanquished.

Notes
Turn   | Place    | Note
-------+----------+-------------------------------------------
     0 | D:1      | Lekart the Draconian Chaos Knight began the quest for the
                  | Orb.
     0 | D:1      | Reached XP level 1. HP: 19/19 MP: 1/1
   157 | D:1      | Found a faded altar of an unknown god.
   244 | D:1      | Reached XP level 2. HP: 21/26 MP: 2/2
   503 | D:1      | XOM: potion effect (brilliance)
   776 | D:1      | XOM: divination: detect items
   820 | D:1      | XOM: divination: magic mapping
   864 | D:1      | Reached skill level 1 in Evocations
  1133 | D:1      | XOM: divination: detect items
  1174 | D:2      | Reached XP level 3. HP: 26/33 MP: 3/3
  1185 | D:2      | Reached skill level 4 in Fighting
  1532 | D:2      | Reached XP level 4. HP: 25/40 MP: 4/4
  1748 | D:2      | XOM: scenery: 1 doors open
  2124 | D:2      | XOM: scenery: 1 doors close
  2413 | D:3      | Found a runed translucent gate.
  2414 | D:3      | Found a runed translucent gate.
  2415 | D:3      | Found a runed translucent gate.
  2416 | D:3      | Noticed supermoro's ghost (amateur GrFi)
  2523 | D:3      | XOM: summons friendly white imp
  2544 | D:3      | XOM: divination: detect creatures
  2565 | D:3      | Reached XP level 5. HP: 14/47 MP: 5/5
  2961 | D:3      | XOM: silly message
  3129 | D:3      | XOM: silly message
  3258 | D:3      | XOM: potion effect (berserk rage)
  3263 | D:3      | Reached skill level 5 in Fighting
  3590 | D:3      | XOM: silly message
  3751 | D:3      | XOM: silly message
  3980 | D:3      | XOM: silly message
  4045 | D:4      | Reached XP level 6. HP: 54/56 MP: 6/6
  4066 | D:4      | Found a staircase to the Ecumenical Temple.
  4175 | D:4      | Found a shimmering altar of Xom.
  4236 | D:4      | XOM: god gift: 51 gold pieces
  4405 | D:4      | XOM: 1-stop teleportation journey
  4509 | D:4      | XOM: stat loss: -1 Dex (11/12)
  4837 | D:4      | XOM: give mutations
  4837 | D:4      | Gained mutation: You are frail. (-10% HP) [Xom's mischief]
  4837 | D:4      | Gained mutation: You occasionally shout uncontrollably at
                  | your foes. [Xom's mischief]
  4837 | D:4      | Gained mutation: Your tail ends in a venomous barb. [Xom's
                  | mischief]
  4841 | D:4      | XOM: confusion
  5134 | D:5      | Entered Level 5 of the Dungeon
  5411 | D:4      | XOM: cleaving
  5643 | D:4      | Upgraded the game from 0.29-a0-410-g9596d59a08 to
                  | 0.29-a0-416-g83a48905f1
  5681 | D:5      | Noticed Edmund
  5700 | D:4      | HP: 2/51 [poisoned by a scorpion]
  6003 | D:4      | Reached skill level 6 in Fighting
  6003 | D:4      | Your scales start taking on a rich purple colour.
  6003 | D:4      | Reached XP level 7. HP: 45/56 MP: 7/7
  6005 | D:5      | XOM: silly message
  6037 | D:4      | HP: 1/56 [something (2)]
  6038 | D:4      | Succumbed to a scorpion's poison

Illustrated notes

Levels and vault maps discovered:
D:1:      giann_horns, layout_loops_ring, serial_co_window_serial,
          co_window_paths_a, co_window_of_opportunity_a, co_window_paths_b,
          co_window_paths_a, co_window_paths_a, co_window_cross_1,
          co_window_of_opportunity_a, co_window_paths_a, co_window_paths_a,
          co_window_2corner, co_window_2corner, co_window_cross_2,
          co_window_paths_e, glass_columns_b, glass_columns_b, glass_columns_a,
          chequers_ecumenical_altar_simple
D:2:      layout_basic
D:3:      layout_basic, biasface_ghost_orc_armoury, portal_sewer_entry_e,
          eino_tiny_chamber
D:4:      layout_rooms, nicolae_overflow_crystal_walls,
          minmay_temple_entry_waves, serial_co_window_serial, co_window_cross_1,
          co_window_corner_a, co_window_paths_a, co_window_paths_b,
          co_window_paths_a, co_window_paths_c, co_window_broadway_c,
          co_window_2corner, co_window_of_opportunity_b,
          co_window_of_opportunity_c, co_window_corner_ca,
          co_window_unsneaky_path_a, co_window_paths_e, glass_columns_a,
          glass_columns_b
D:5:      layout_basic, serial_shops, shop, dreamdust_wishing_well,
          hangedman_abyss_or_decor_stabs, uniq_edmund

Skill      XL: |  1  2  3  4  5  6 |
---------------+-------------------+-----
Evocations     | 1 2 3 |  3.4
Fighting       | 4 5 6 |  6.1
Dodging        | 3 |  3.6
Long Blades    | 4 |  4.4

Action                   |  1- 3 |  4- 6 |  7- 9 || total
-------------------------+-------+-------+-------++-------
Melee: Falchion          |    80 |   286 |    27 ||   393
       Tailslap          |     7 |    28 |     2 ||    37
       Punch             |       |     5 |     1 ||     6
 Abil: Breathe Dispellin |       |       |     1 ||     1
Evoke: Wand              |       |     3 |       ||     3
       Piece from Xom's  |       |     2 |       ||     2
  Use: Scroll            |     1 |    12 |       ||    13
       Potion            |       |     3 |     1 ||     4
 Stab: Paralysed         |     1 |       |       ||     1
       Petrified         |     2 |       |       ||     2
       Confused          |       |     1 |       ||     1
Armor: Skin              |    19 |   137 |    13 ||   169
Dodge: Dodged            |    47 |   233 |    12 ||   292

Table legend: (Time is in decaauts)
 A = Elapsed time spent in this place.
 B = Non-inter-level travel time spent in this place.
 C = Inter-level travel time spent in this place.
 D = Time resting spent in this place.
 E = Time spent auto-exploring this place.
 F = Levels seen in this place.
 G = Mean time per level.
                   A        B        C        D        E       F      G
               +--------+--------+--------+--------+--------+-----+--------+
         Total |   6095 |   5870 |    225 |   1108 |   3838 |   5 | 1219.0 |
       Dungeon |   6095 |   5870 |    225 |   1108 |   3838 |   5 | 1219.0 |
               +--------+--------+--------+--------+--------+-----+--------+

Top non-repeatable levels by time:
     D:3: 1808 daAuts
     D:4: 1695 daAuts
     D:1: 1157 daAuts
     D:2: 1110 daAuts
     D:5: 323 daAuts
